 Dungeon Crawl Stone Soup version 0.31-a0-240-gb923e448b6 (webtiles) character file.

Game seed: 3848875947300140906

838 qw the Skirmisher (level 7, -2/60 HPs)
             Began as a Minotaur Hexslinger on July 11, 2023.
             Slain by a water moccasin (6 damage)
             ... on level 5 of the Dungeon.
             The game lasted 00:02:00 (4038 turns).

qw the Skirmisher (Minotaur Hexslinger)             Turns: 4038, Time: 00:02:01

Health: -2/60      AC: 10    Str: 12    XL:     7   Next: 67%
Magic:  7/7        EV: 13    Int: 10    God:
Gold:   224        SH:  0    Dex: 19    Spells: 7/8 levels left

rFire   . . .        c - +0 shortbow
rCold   . . .        (shield currently unavailable)
rNeg    . . .        g - +2 leather armour "Zakuos" {Dex+4 SInv}
rPois   .            (helmet restricted)
rElec   .            (no cloak)
rCorr   .            e - +0 pair of gloves
SInv    +            (no boots)
Will    .....        m - amulet of faith
Stlth   +            a - +4 ring of protection
HPRegen 0.30/turn    (no ring)
MPRegen 0.10/turn

%: faith
@: no status effects
A: horns 2, retaliatory headbutt
a: no special abilities


You were on level 5 of the Dungeon.
You visited 1 branch of the dungeon, and saw 5 of its levels.

You collected 224 gold pieces.


Innate Abilities, Weirdness & Mutations

You have a pair of horns on your head.
You reflexively headbutt those who attack you in melee.


   Skills:
 + Level 4.8 Fighting
 - Level 8.1 Ranged Weapons
 - Level 1.5 Armour
 - Level 3.2 Dodging
 - Level 1.0 Spellcasting
 - Level 2.0 Hexes


You had 7 spell levels left.
You knew the following spells:

 Your Spells              Type           Power      Damage    Failure   Level
a - Slow                  Hex            16%        N/A       19%         1

Your spell library contained the following spells:

 Spells                   Type           Power      Damage    Failure   Level
 Inner Flame              Hex/Fire       2%         N/A       65%         3
 Portal Projectile        Hex/Tloc       4%         N/A       65%         3
 Cause Fear               Hex            2%         N/A       88%         4

Inventory:

Hand Weapons
 c - a +0 shortbow (weapon)
Armour
 e - a +0 pair of gloves (worn)
 g - the +2 leather armour "Zakuos" (worn) {Dex+4 SInv}
   (You took it off a kobold on level 2 of the Dungeon)

   Dex:       It affects your dexterity (+4).
   SInv:      It lets you see invisible.
Jewellery
 a - a +4 ring of protection (left hand)
 m - an amulet of faith (around neck)
Potions
 b - a potion of resistance {unknown}
 d - a potion of degeneration {unknown}
 f - a potion of curing {unknown}
 h - a potion of heal wounds {unknown}
 i - a potion of brilliance {unknown}
 j - a potion of cancellation {unknown}
 n - a potion of mutation {unknown}

Dungeon Overview and Level Annotations

Branches:
Dungeon (5/15)
 Temple: D:4-7

Altars:
Ashenzari
Makhleb
Nemelex Xobeh
Vehumet
Xom
Zin


Message History

You feel very sick. The water moccasin closely misses you.
The water moccasin bites you but does no damage.
You shoot an arrow. The arrow misses the water moccasin.
You feel very sick. The water moccasin bites you!
You shoot an arrow. The arrow misses the water moccasin.
You feel very sick.
The water moccasin bites you but does no damage.
The water moccasin barely misses you.
You shoot an arrow.
The arrow hits the water moccasin but does no damage.
The water moccasin is severely wounded.
You feel sick.
The water moccasin bites you but does no damage.
You shoot an arrow.
The arrow barely misses the water moccasin.
You feel sick.
The water moccasin bites you but does no damage.
You shoot an arrow.
The arrow completely misses the water moccasin.
You feel sick. The water moccasin barely misses you.
The water moccasin bites you but does no damage.
You shoot an arrow. The arrow misses the water moccasin.
You feel sick. The water moccasin barely misses you.
You shoot an arrow. The arrow misses the water moccasin.
You feel sick.
The water moccasin bites you but does no damage.
You shoot an arrow.
The arrow barely misses the water moccasin.
You feel sick. The water moccasin bites you. The water moccasin misses you.
You shoot an arrow. The arrow hits the water moccasin.
The water moccasin is almost dead.
You feel sick.
You are no longer poisoned.
The water moccasin bites you. The water moccasin barely misses you.
You shoot an arrow.
The arrow barely misses the water moccasin.
The water moccasin bites you.
You die...

#...............
#.......#..............
#>........#.........<.
#.......######.......##
....)...#### #........#
.............#........#.
#.......####............
#.......# #..%S.......
#####..## #@.....#
###.## ##....... #...#
.####.. ###.### .#
......## ## .......##..
..........# ......(.###
.%<.....#


You could see a water moccasin.

Vanquished Creatures
  A black bear (D:5)
  A centaur (D:5)
  A howler monkey (D:4)
  4 crimson imps (D:3)
  4 hounds (D:5)
  An orc priest (D:4)
  A gnoll bouda (D:4)
  A sleepcap (D:4)
  An iguana (D:5)
  2 orc wizards (D:4)
  Robin (D:3)
  4 gnolls
  7 adders
  3 worms
  2 dart slugs
  3 orcs
  8 ball pythons
  4 bats (D:2)
  7 endoplasms
  2 giant cockroaches (D:2)
  17 goblins
  10 hobgoblins
  4 jackals (D:2)
  3 quokkas
  4 frilled lizards
  6 kobolds
  4 rats
106 creatures vanquished.

Notes
Turn   | Place    | Note
-------+----------+-------------------------------------------
     0 | D:1      | qw the Minotaur Hexslinger began the quest for the Orb.
     0 | D:1      | Reached XP level 1. HP: 16/16 MP: 1/1
     0 | D:1      | 0 ||| qw: Version: 0.3-a-52-g30416fa
     0 | D:1      | 0 ||| qw: Game counter: 6123
     0 | D:1      | 0 ||| qw: Melee chars always use a shield: true
     0 | D:1      | 0 ||| qw: God list: Okawaru
     0 | D:1      | 0 ||| qw: Allow faded altars: false
     0 | D:1      | 0 ||| qw: Do Orc after clearing Dungeon:15 true
     0 | D:1      | 0 ||| qw: Do second Lair branch before Depths: true
     0 | D:1      | 0 ||| qw: Lair rune preference: random
     0 | D:1      | 0 ||| qw: Goals: Normal
     0 | D:1      | 0 ||| PLANNING D:1-11
   248 | D:1      | Reached skill level 3 in Ranged Weapons
   248 | D:1      | Reached XP level 2. HP: 23/23 MP: 2/2
   556 | D:1      | 556 ||| UPGRADING to +0 pair of gloves.
   561 | D:1      | 561 ||| UPGRADING to amulet of guardian spirit.
   566 | D:1      | 566 ||| READING scroll labelled IGGOOS QUET.
   667 | D:1      | 667 ||| READING scroll labelled PUYVYB JAUWIOF.
   672 | D:1      | 672 ||| DROPPING scroll of poison.
   706 | D:2      | HP: 5/24 [poisoned by an adder]
   708 | D:2      | HP: 2/24 [adder (1)]
   712 | D:2      | Reached XP level 3. HP: 1/29 MP: 0/3
   712 | D:2      | 712 ||| FLEEEEING.
   713 | D:2      | 713 ||| STAIRDANCE
   887 | D:2      | Found a faded altar of an unknown god.
   962 | D:2      | Reached skill level 4 in Ranged Weapons
   997 | D:2      | Identified the +2 leather armour "Zakuos" {Dex+4 SInv}
  1109 | D:2      | Found a radiant altar of Vehumet.
  1272 | D:2      | Reached XP level 4. HP: 36/36 MP: 4/4
  1506 | D:2      | 1506 ||| UPGRADING to +2 leather armour "Zakuos" {Dex+4
                  | SInv}.
  1516 | D:2      | 1516 ||| DROPPING +0 robe.
  1517 | D:2      | 1517 ||| UPGRADING to +4 ring of protection.
  1518 | D:2      | 1518 ||| READING 2 scrolls labelled ZYWNAD TARELL.
  1519 | D:2      | 1519 ||| READING scroll labelled ZIOMIA OTIMAW.
  1520 | D:2      | 1520 ||| READING 2 scrolls labelled POTZOV AKHO.
  1521 | D:2      | 1521 ||| DRINKING 2 fuming dark potions.
  1522 | D:2      | 1522 ||| DRINKING 2 murky golden potions.
  1523 | D:2      | 1523 ||| DROPPING scroll of vulnerability.
  1524 | D:2      | 1524 ||| DROPPING potion of magic.
  1525 | D:2      | 1525 ||| DROPPING potion of attraction.
  1526 | D:2      | 1526 ||| DROPPING scroll of noise.
  1762 | D:3      | Found a shimmering altar of Xom.
  1774 | D:3      | Reached skill level 5 in Ranged Weapons
  1781 | D:3      | Reached XP level 5. HP: 43/44 MP: 5/5
  1786 | D:3      | Reached skill level 3 in Fighting
  1793 | D:3      | 1793 ||| DROPPING ring of wizardry.
  1794 | D:3      | 1794 ||| DRINKING 2 black potions.
  1800 | D:3      | 1800 ||| DROPPING potion of ambrosia.
  1841 | D:4      | 1841 ||| STAIRDANCE
  1846 | D:3      | Reached skill level 6 in Ranged Weapons
  1907 | D:4      | Reached skill level 1 in Armour
  1907 | D:4      | Reached XP level 6. HP: 51/51 MP: 6/6
  1946 | D:4      | 1946 ||| STAIRDANCE
  1950 | D:4      | 1950 ||| STAIRDANCE
  1954 | D:4      | 1954 ||| STAIRDANCE
  1958 | D:4      | 1958 ||| STAIRDANCE
  1962 | D:4      | 1962 ||| STAIRDANCE
  1966 | D:4      | 1966 ||| STAIRDANCE
  1970 | D:4      | 1970 ||| STAIRDANCE
  1974 | D:4      | 1974 ||| STAIRDANCE
  1978 | D:4      | 1978 ||| STAIRDANCE
  1982 | D:4      | 1982 ||| STAIRDANCE
  1986 | D:4      | 1986 ||| STAIRDANCE
  1990 | D:4      | 1990 ||| STAIRDANCE
  1994 | D:4      | 1994 ||| STAIRDANCE
  1998 | D:4      | 1998 ||| STAIRDANCE
  2002 | D:4      | 2002 ||| STAIRDANCE
  2006 | D:4      | 2006 ||| STAIRDANCE
  2010 | D:4      | 2010 ||| STAIRDANCE
  2014 | D:4      | 2014 ||| STAIRDANCE
  2018 | D:4      | 2018 ||| STAIRDANCE
  2077 | D:3      | Found a broken altar of Ashenzari.
  2104 | D:3      | Noticed Robin
  2105 | D:3      | 2105 ||| Stepping ~*~*~tactically~*~*~ (outnumbered).
  2113 | D:3      | Killed Robin
  2231 | D:3      | Found a sparkling altar of Nemelex Xobeh.
  2383 | D:3      | 2383 ||| READING scroll labelled QYZIKA AVEDAF.
  2757 | D:4      | 2757 ||| Stepping ~*~*~tactically~*~*~ (outnumbered).
  2878 | D:4      | 2878 ||| SWAPPING to +2 sling of flaming.
  2879 | D:4      | 2879 ||| DROPPING +1 sling.
  2954 | D:4      | Reached skill level 7 in Ranged Weapons
  3238 | D:4      | Reached XP level 7. HP: 59/59 MP: 7/7
  3620 | D:4      | Found a glowing silver altar of Zin.
  3623 | D:4      | 3623 ||| UPGRADING to amulet of faith.
  3633 | D:4      | 3633 ||| DROPPING amulet of guardian spirit.
  3634 | D:4      | 3634 ||| READING scroll labelled GUKLING SEUSI.
  3635 | D:4      | 3635 ||| DRINKING 2 pink potions.
  3636 | D:4      | 3636 ||| DROPPING potion of invisibility.
  3677 | D:5      | Entered Level 5 of the Dungeon
  3678 | D:5      | 3678 ||| PLANNING SEWER
  3684 | D:5      | Reached skill level 3 in Dodging
  3684 | D:5      | 3684 ||| STAIRDANCE
  3767 | D:5      | Found a burning altar of Makhleb.
  3767 | D:5      | Noticed a green death
  3768 | D:5      | 3768 ||| SWAPPING to +0 shortbow.
  3769 | D:5      | 3769 ||| DROPPING +2 sling of flaming.
  3835 | D:5      | HP: 13/59 [black bear (4)]
  3837 | D:5      | Reached skill level 8 in Ranged Weapons
  4032 | D:5      | HP: 15/60 [poisoned by a water moccasin]
  4037 | D:5      | HP: 7/60 [poisoned by a water moccasin]
  4037 | D:5      | HP: 3/60 [water moccasin (4)]
  4038 | D:5      | Slain by a water moccasin

Levels and vault maps discovered:
D:1:      shiori_arrival_elements, layout_basic
D:2:      layout_basic, shapermc_ecumenical_altar_mp_ritualfount, basic_altar
D:3:      layout_rooms, led_xom_imps, nemelex_altar_shiori,
          nicolae_ashenzari_panopticon, wander_ebering_terrifying_dragon_lair,
          uniq_robin
D:4:      layout_layer_cave, zin_treasury, corner_web_ring,
          minmay_misc_feat_rows
D:5:      layout_rooms, mainiacjoe_overflow_concentric_impassable,
          makhleb_altar_promises_db, minmay_temple_entry_tees,
          gup_sewer_entry_pipe

Skill      XL: |  1  2  3  4  5  6  7 |
---------------+----------------------+-----
Ranged Weapons | 3 4 5 6 7 8 |  8.1
Fighting       | 2 3 4 |  4.8
Armour         | 1 |  1.5
Dodging        | 3 |  3.2
Spellcasting   | |  1.0
Hexes          | |  2.0

Action                     |  1- 3 |  4- 6 |  7- 9 || total
---------------------------+-------+-------+-------++-------
   Fire: Sling             |   126 |   186 |    23 ||   335
         Shortbow          |       |       |    45 ||    45
    Use: Scroll            |     2 |     4 |     1 ||     7
         Potion            |       |     3 |     1 ||     4
 Armour: Robe              |    14 |       |       ||    14
         Leather armour    |       |    40 |    27 ||    67
  Dodge: Dodged            |    36 |    62 |    49 ||   147

Table legend:
 A = Non-vault XP
 B = Vault XP
 C = Vault XP percentage of total XP
 D = Non-vault monster count
 E = Vault monster count
 F = Vault count percentage of total count
                 A         B        C        D         E       F
            +---------+---------+-------+---------+---------+-------
      Total |     968 |     230 |  19.2 |      90 |      16 |  15.1
            +---------+---------+-------+---------+---------+-------
        D:1 |      24 |       0 |   0.0 |      14 |       0 |   0.0
        D:2 |      91 |       0 |   0.0 |      30 |       0 |   0.0
        D:3 |      73 |     230 |  75.9 |      14 |      16 |  53.3
        D:4 |     335 |       0 |   0.0 |      25 |       0 |   0.0
        D:5 |     445 |       0 |   0.0 |       7 |       0 |   0.0
            +---------+---------+-------+---------+---------+-------
